 Dungeon Crawl Stone Soup version 0.26.1-2-gb8aa6d0cf2 (webtiles) character file.

Game seed: 7693496747796648688

69 Gadfly the Skirmisher (level 4, -3/48 HPs)
             Began as an Ogre Monk on Feb 12, 2021.
             Slain by Sigmund
             ... wielding a +0 scythe
              (8 damage)
             ... on level 2 of the Dungeon.
             The game lasted 00:02:41 (1894 turns).

Gadfly the Skirmisher (Ogre Monk)                   Turns: 1894, Time: 00:02:41

Health: -3/48      AC:  3    Str: 16    XL:     4   Next: 20%
Magic:  5/5        EV: 10    Int: 11    God:
Gold:   55         SH:  0    Dex: 11    Spells: 3/3 levels left

rFire    . . .     SeeInvis .   a - +1 mace
rCold    . . .     Faith    .   (no shield)
rNeg     . . .     Spirit   .   b - +0 robe
rPois    .         Reflect  .   (helmet restricted)
rElec    .         Harm     .   (no cloak)
rCorr    .         Rampage  .   (gloves unavailable)
Will     .....                  (boots unavailable)
Stlth    ++........             (no amulet)
HPRegen  0.16/turn              d - ring of flight
MPRegen  0.09/turn              (no ring)

@: no status effects
A: large, unfitting armour, tough skin 1
a: Evoke Flight


You were on level 2 of the Dungeon.
You visited 1 branch of the dungeon, and saw 2 of its levels.

You collected 55 gold pieces.

Inventory:

Hand Weapons
 a - a +1 mace (weapon)
Missiles
 f - 3 boomerangs (quivered)
Armour
 b - a +0 robe (worn)
Jewellery
 d - a ring of flight (left hand)
Scrolls
 e - 4 scrolls of teleportation
 g - a scroll of identify
 i - a scroll of amnesia {unknown}
Potions
 c - a potion of ambrosia
 h - a potion of curing {unknown}
 j - a potion of might {unknown}


   Skills:
 - Level 4.0 Fighting
 + Level 2.9 Maces & Flails
 * Level 1.5 Throwing
 * Level 1.1 Armour
 - Level 2.6 Dodging
 - Level 1.4 Stealth
 * Level 1.6 Invocations
 * Level 1.2 Evocations


You had 3 spell levels left.
You didn't know any spells.
Your spell library was empty.

Dungeon Overview and Level Annotations

Branches:
Dungeon (2/15)

Altars:
Nemelex Xobeh

Annotations:
D:2 Sigmund


Innate Abilities, Weirdness & Mutations

You are too large for most types of armour.
You have tough skin. (AC +1)


Message History

Sigmund is nearby!
The helpless Sigmund fails to defend himself.
You sock Sigmund!
Sigmund is moderately wounded.
Sigmund gestures at himself while chanting.
Sigmund flickers and vanishes!
Deactivating autopickup; reactivate with Ctrl-A.
No target in view!
No target in view!
No target in view!
Okay, then.
You closely miss something. Something hits you.
You miss something. Something hits you.
You barely miss something. Something hits you!
You barely miss something. You miss something. Something hits you!
You sock something! Something hits you!
* * * LOW HITPOINT WARNING * * *
You closely miss something. Something hits you!
You die...

..## ##.#.#
#.....## ##....
.## ###.# ###.###
##... ## ####.#
#.# ##.. # ##.##.#
#.# ##' #.#...#
#.# #. ##.#### #.#
#. # #.#
#####.##### ##.
#######.#
#.........# ##..
......#.#
#@###.###.# #...
........# #{# #.#
#.#####...
#####.### #.#
#.###.#...#.#.
#####.# #.#
#.......#.....
......#
#..)......#...#.#.
#######
###############.#.
#.#. #####...
#.......


There were no monsters in sight!

Vanquished Creatures
  2 adders (D:2)
  An ooze (D:2)
  3 dart slugs
  A leopard gecko (D:2)
  4 bats (D:1)
  7 hobgoblins
  3 frilled lizards
  4 goblins
  11 kobolds
  3 rats
39 creatures vanquished.

Notes
Turn   | Place    | Note
-------+----------+-------------------------------------------
     0 | D:1      | Gadfly the Ogre Monk began the quest for the Orb.
     0 | D:1      | Reached XP level 1. HP: 24/24 MP: 1/1
    93 | D:1      | Reached XP level 2. HP: 30/32 MP: 2/2
   606 | D:1      | Reached skill level 1 in Invocations
   713 | D:1      | Reached XP level 3. HP: 39/39 MP: 3/3
   743 | D:1      | Reached skill level 1 in Throwing
   859 | D:2      | Reached skill level 1 in Evocations
  1098 | D:2      | Reached skill level 1 in Armour
  1332 | D:2      | Reached XP level 4. HP: 39/48 MP: 3/5
  1551 | D:2      | Found a sparkling altar of Nemelex Xobeh.
  1885 | D:2      | Noticed Sigmund
  1894 | D:2      | Slain by Sigmund

Illustrated notes

Levels and vault maps discovered:
D:1:      wheals_arrival_linesprint, layout_rooms
D:2:      layout_loops_corners, lemuel_round_altar, uniq_sigmund

Skill      XL: |  1  2  3 |
---------------+----------+-----
Invocations    | 1 |  1.6
Throwing       | 1 |  1.5
Evocations     | 1 |  1.2
Armour         | 1 |  1.1
Fighting       | |  4.0
Maces & Flails | |  2.9
Dodging        | |  2.6
Stealth        | |  1.4

Action                   |  1- 3 |  4- 6 || total
-------------------------+-------+-------++-------
Melee: Mace              |    88 |    30 ||   118
Throw: Boomerang         |     3 |     2 ||     5
  Use: Scroll            |     5 |       ||     5
 Stab: Sleeping          |     2 |     1 ||     3
Armor: Robe              |    27 |     2 ||    29
Dodge: Dodged            |    51 |    17 ||    68
